Map: Submarine LE

Players

MasterBait

  • Race: Zerg Zerg
  • League: Platinum
  • Spawn Location: 11:00

Massa - Winner!

  • Race: Terran Terran
  • League: Platinum
  • Spawn Location: 5:00

VOD

Have the link to the VOD?

Description

Time

  • Played on: Feb. 10, 2021, 11:50 a.m.
  • Length: 10:26
Show
View Real Time Build Order
Export as new Build Order

MasterBait Zerg 

Build Orders: Hatch First 

Get SALT Encoding   

  12  0:00  Drone  
  13  0:13  Overlord  
  13  0:19  Drone  
  14  0:31  Drone x2  
  17  0:35  Drone  
  17  0:46  Drone  
  18  0:56  Hatchery  
  17  1:01  Drone  
  18  1:06  Extractor  
  17  1:16  Spawning Pool  
  17  1:18  Drone  
  17  1:27  Drone  
  18  1:34  Drone  
  19  1:40  Overlord  
  19  1:56  Drone  
  20  2:01  Drone  
  22  2:08  Drone  
  22  2:09  Queen x2  
  22  2:11  Zergling x2  
  27  2:23  Drone  
  27  2:24  Drone  
  29  2:34  Drone x2  
  31  2:44  Drone x2  
  33  2:50  Queen  
  35  2:53  Drone  
  35  2:57  Hatchery  
  35  2:58  Overlord  
  34  3:08  Overlord  
  34  3:09  Overlord  
  34  3:18  Metabolic Boost  
  34  3:19  Baneling Nest  
  33  3:28  Queen  
  33  3:33  Drone x3  
  38  3:36  Drone x2, Evolution Chamber  
  39  3:41  Zergling x2  
  39  3:43  Zergling x2  
  39  3:46  Drone x2  
  39  3:47  Drone  
  44  3:59  Queen  
  44  4:01  Drone x3  
  44  4:02  Drone  
  50  4:04  Drone  
  50  4:06  Drone  
  50  4:14  Zergling x6  
  53  4:18  Spine Crawler  
  53  4:20  Spine Crawler  
  48  4:29  Zergling x2  
  48  4:30  Zergling x10  
  41  4:45  Drone x2, Roach Warren  
  39  4:46  Drone  
  41  4:55  Zergling x8  
  45  5:05  Spine Crawler  
  42  5:11  Zergling x8  
  42  5:12  Baneling  
  42  5:13  Baneling  
  46  5:14  Baneling  
  46  5:15  Baneling  
  46  5:16  Baneling  
  46  5:18  Zergling x2  
  47  5:24  Spore Crawler  
  47  5:26  Spore Crawler  
  45  5:33  Baneling x2  
  42  5:46  Zergling x14  
  47  5:56  Lair  
  44  5:57  Extractor  
  44  5:58  Drone x2  
  44  6:03  Baneling x2  
  45  6:06  Drone x2  
  45  6:07  Drone  
  45  6:10  Spore Crawler  
  47  6:16  Queen  
  37  6:34  Roach x5  
  37  6:35  Roach  
  37  6:38  Drone x2  
  51  6:43  Queen  
  51  6:46  Drone  
  54  6:47  Drone  
  54  6:52  Zerg Missile Weapons Level 1  
  54  7:05  Spore Crawler  
  54  7:06  Drone x5  
  54  7:08  Overlord  
  55  7:23  Overlord  
  55  7:32  Drone  
  55  7:33  Drone x7  
  63  7:39  Spine Crawler, Roach  
  63  7:40  Overlord  
  63  7:43  Zergling x2  
  65  7:45  Drone x3  
  68  8:01  Hydralisk Den  
  68  8:02  Queen  
  68  8:05  Drone x5  
  74  8:07  Extractor  
  74  8:09  Extractor  
  72  8:13  Evolution Chamber  
  71  8:21  Spore Crawler  
  71  8:25  Overseer  
  70  8:39  Zergling x2  
  70  8:40  Burrow  
  70  8:54  Roach x6  
  70  8:55  Overlord x2  
  82  8:56  Overlord x5  
  82  8:57  Overlord x2  
  80  9:10  Zergling x4  
  80  9:12  Hatchery  
  81  9:23  Extractor  
  80  9:26  Extractor  
  80  9:29  Hydralisk  
  80  9:30  Hydralisk x4  
  89  9:36  Drone  
  86  9:51  Ravager  
  86  9:52  Ravager x2  
Show
View Real Time Build Order
Export as new Build Order

Massa Terran - Winner!

Build Orders:  

Get SALT Encoding   

  12  0:00  SCV  
  13  0:12  SCV  
  14  0:18  Supply Depot  
  14  0:24  SCV  
  15  0:40  SCV  
  15  0:42  Barracks  
  16  0:52  SCV  
  16  0:54  Refinery  
  17  1:10  SCV  
  18  1:22  SCV  
  19  1:37  Orbital Command  
  19  1:38  Barracks Reactor  
  19  1:46  Command Center  
  19  2:05  SCV  
  20  2:09  Supply Depot  
  20  2:15  Marine x2  
  21  2:16  Factory  
  21  2:20  SCV  
  23  2:32  SCV  
  23  2:33  Marine x2  
  27  2:44  SCV  
  27  2:47  Refinery  
  27  2:49  Supply Depot  
  27  2:51  Marine x2  
  29  3:08  Marine  
  29  3:09  Marine  
  31  3:13  Orbital Command  
  31  3:15  SCV  
  32  3:26  Starport  
  33  3:27  SCV  
  33  3:35  Barracks Tech Lab  
  33  3:38  Hellion  
  33  3:39  Hellion  
  37  3:45  SCV  
  37  3:46  Supply Depot  
  37  3:47  SCV  
  39  3:57  SCV  
  39  4:00  Hellion x2  
  44  4:13  Barracks Tech Lab  
  34  4:52  Cloaking Field  
  34  4:53  Banshee  
  34  4:55  Marine  
  34  4:57  SCV x2  
  40  5:04  Barracks  
  40  5:05  Command Center  
  36  5:08  Hellion x2  
  36  5:09  SCV x2  
  36  5:13  Marine  
  41  5:16  Supply Depot  
  41  5:21  SCV x2  
  43  5:22  Barracks x2  
  43  5:29  Widow Mine  
  43  5:30  Widow Mine  
  43  5:33  SCV x2  
  49  5:45  SCV, Marine  
  49  5:51  Widow Mine x2  
  53  6:01  Supply Depot  
  53  6:02  Banshee  
  53  6:03  SCV, Marine  
  53  6:04  SCV  
  59  6:06  Barracks Reactor  
  59  6:14  Engineering Bay  
  59  6:16  SCV x2  
  61  6:21  Marine  
  62  6:28  SCV  
  62  6:32  Stimpack  
  63  6:39  Marine  
  64  6:42  Widow Mine x2  
  64  6:43  Marine  
  64  6:44  Barracks Reactor, Barracks Tech Lab, Marine  
  70  6:48  Banshee  
  73  6:57  Marine  
  73  7:01  Marine  
  75  7:02  Marine  
  75  7:03  Widow Mine  
  75  7:04  Widow Mine  
  80  7:14  Marine  
  81  7:18  SCV, Marine  
  81  7:19  SCV x2  
  85  7:27  Marine  
  85  7:28  Marauder  
  85  7:36  Missile Turret  
  85  7:39  Refinery  
  85  7:40  Supply Depot x2  
  85  7:41  Refinery, Combat Shield  
  85  7:56  Supply Depot  
  85  8:01  SCV x2, Marine x4  
  85  8:02  Banshee, Marauder x2, SCV  
  99  8:05  Supply Depot  
  99  8:11  Barracks  
  99  8:13  SCV x2  
  99  8:17  SCV  
  99  8:19  Marine  
  103  8:21  Factory Tech Lab  
  103  8:25  Armory, Terran Infantry Weapons Level 1, Missile Turret  
  103  8:26  SCV  
  105  8:29  SCV, Engineering Bay  
  106  8:38  SCV  
  106  8:41  SCV, Concussive Shells  
  106  8:42  Marauder x2, Marine x4  
  106  8:47  Medivac  
  117  8:50  SCV  
  117  8:54  SCV  
  117  9:09  Supply Depot  
  117  9:10  Marine x2  
  117  9:11  Supply Depot  
  117  9:12  Marine x2  
  117  9:14  Planetary Fortress, Supply Depot  
  117  9:30  Marine x4  
  117  9:31  Marauder x2  
  125  9:32  Marine x2  
  125  9:35  Siege Tank  
  125  9:37  Supply Depot  
  130  9:44  Factory  
  130  9:46  Medivac  
  130  9:48  Marine x3  
  130  9:52  Marauder x2  
  139  10:00  Supply Depot  
  119  10:23  Supply Depot  
Tags
 
Matchup
TvZ
Replay Pack
Multiplayer
Spawn Locations
Cross Positions
Add a new tag
Caveats
  • Supply blocks, unpowered buildings, or Contaminate may cause inaccurate times.
  • Supply counts are checked every 10 seconds.